 Dungeon Crawl Stone Soup version 0.20-a0-947-g2784f4f (webtiles) character file.

72 nikopol the Skirmisher (level 4, -2/43 HPs)
             Began as a Gargoyle Berserker on Apr 3, 2017.
             Was a Believer of Trog.
             Killed by Freeze
             ... invoked by Felix's ghost
              (6 damage)
             ... on level 3 of the Dungeon.
             The game lasted 00:04:21 (1944 turns).

nikopol the Skirmisher (Gargoyle Berserker)         Turns: 1944, Time: 00:04:22

Health: -2/43      AC: 18    Str: 26    XL:     4   Next: 26%
Magic:  4/4        EV: 11    Int:  7    God:    Trog [**....]
Gold:   81         SH:  0    Dex: 10    Spells: 3/3 levels left

rFire    . . .     SeeInvis .   a - +2 mace (protect)
rCold    . . .     Gourm    .   (no shield)
rNeg     + . .     Faith    .   d - +0 ring mail
rPois    ∞         Spirit   .   (no helmet)
rElec    +         Reflect  .   (no cloak)
rCorr    .         Harm     .   t - +0 pair of gloves
MR       .....                  v - +0 pair of boots
Stlth    ..........             (no amulet)
Regen    0.2/turn               (no ring)
MPRegen  0.1/turn               (no ring)

@: berserking, protection aura, very quick
A: negative energy resistance 1, electricity resistance, unbreathing,
petrification resistance, rot immunity, AC +3
a: Berserk, Trog's Hand, Burn Spellbooks, Renounce Religion


You were on level 3 of the Dungeon.
You worshipped Trog.
Trog was pleased with you.
You were near starving.

You visited 1 branch of the dungeon, and saw 3 of its levels.

You collected 81 gold pieces.

Inventory:

Hand Weapons
 a - a +2 mace of protection (weapon)
 r - a +0 hand axe
Armour
 b - a +0 animal skin
 d - a +0 ring mail (worn)
 t - a +0 pair of gloves (worn)
 v - a +0 pair of boots (worn)
Scrolls
 e - 4 scrolls of magic mapping {unknown}
 f - 2 scrolls of teleportation {unknown}
 g - 2 scrolls of amnesia {unknown}
 j - 4 scrolls of fog {unknown}
 k - a scroll of blinking {unknown}
 l - 3 scrolls of identify {unknown}
 o - a scroll of random uselessness {unknown}
 s - a scroll of remove curse {unknown}
 y - a scroll of immolation {unknown}
 B - a scroll of enchant weapon {unknown}
Potions
 h - a potion of resistance {unknown}
 m - a potion of brilliance {unknown}
 n - a potion of cancellation {unknown}
 p - 2 potions of agility
 w - a potion of lignification {unknown}
 x - a potion of haste {unknown}
 z - 2 potions of invisibility {unknown}
 A - 2 potions of ambrosia {unknown}
Comestibles
 c - 5 bread rations
 i - a royal jelly
 u - 3 fruits


   Skills:
 + Level 4.1 Fighting
 - Level 3.0(3.1) Axes
 * Level 1.2(2.4) Maces & Flails
 + Level 2.9 Armour
 + Level 2.0 Dodging


You had 3 spell levels left.
You didn't know any spells.

Dungeon Overview and Level Annotations

Branches:
Dungeon (3/15)

Altars:

Annotations:
D:3 Felix's ghost, amateur MfIE


Innate Abilities, Weirdness & Mutations

You are resistant to torment.
Your stone body is resilient. (AC +3)
You are immune to poison.
You resist negative energy. (rN+)
You are resistant to electric shocks. (rElec)
You can survive without breathing.
You are immune to petrification.
You are immune to rotting.


Message History

You hit Felix's ghost.
Your weapon exudes an aura of protection.
Felix's ghost is lightly damaged.
Felix's ghost misses you.
The hobgoblin hits you but does no damage.
You sock Felix's ghost!
Felix's ghost is heavily damaged.
Felix's ghost completely misses you.
You barely miss Felix's ghost.
Felix's ghost is heavily damaged.
The hobgoblin barely misses you.
Felix's ghost gestures at you while chanting.
You are frozen.
* * * LOW HITPOINT WARNING * * *
You closely miss Felix's ghost.
Felix's ghost is heavily damaged.
The hobgoblin hits you but does no damage.
Felix's ghost points at you and mumbles some strange words.
You are frozen.
You die...

#.####...# #........#
#.....# ####........##
#.....# .............#
#.....#
.............###.(...#
...##.........##.....#
...##.......#.##.....#
...##.......#.##Wg...#
...##.......#..#@#
##########.......####
.... #..........# ....
#..........# ....
#####......# ....
#.$....# ... ##..####
# #..# # ##.#


You could see Felix's ghost and a hobgoblin.

Vanquished Creatures
  An adder (D:2)
  A dart slug (D:2)
  2 leopard geckos (D:2)
  A ball python (D:3)
  7 bats
  3 giant cockroaches
  12 goblins
  4 hobgoblins
  4 jackals (D:2)
  10 kobolds
  A quokka (D:2)
  A frilled lizard (D:1)
  7 rats
54 creatures vanquished.

Notes
Turn   | Place    | Note
-------+----------+-------------------------------------------
     0 | D:1      | nikopol the Gargoyle Berserker began the quest for the Orb.
     0 | D:1      | Reached XP level 1. HP: 14/14 MP: 1/1
   386 | D:1      | Reached XP level 2. HP: 18/19 MP: 2/2
   914 | D:1      | Reached XP level 3. HP: 24/24 MP: 3/3
  1259 | D:2      | Reached ** piety under Trog
  1298 | D:2      | Reached skill level 4 in Fighting
  1424 | D:2      | Reached XP level 4. HP: 19/29 MP: 4/4
  1656 | D:2      | Reached skill level 1 in Maces & Flails
  1933 | D:3      | Noticed Felix's ghost (amateur MfIE)
  1944 | D:3      | Killed from afar by Felix's ghost

Vault maps used:
D:1:      minmay_arrival_four_circles, serial_bayou_lake_a
D:2:      first_bread
D:3:      grunt_temple_overflow_open, kennysheep_slug_shrine

Skill      XL: |  1  2  3  4 |
---------------+-------------+-----
Axes           | 3 |  3.0
Fighting       | 4 |  4.1
Dodging        | 2 |  2.0
Maces & Flails | 1 |  1.2
Armour         | |  2.9

Action                   |  1- 3 |  4- 6 || total
-------------------------+-------+-------++-------
Melee: Hand axe          |    85 |       ||    85
       Mace              |    40 |    38 ||    78
Invok: Burn Spellbooks   |     1 |       ||     1
       Berserk           |       |     1 ||     1
  Eat: Chunk             |     2 |     1 ||     3
Armor: Ring mail         |    58 |    27 ||    85
       Animal skin       |     2 |       ||     2
Dodge: Dodged            |    89 |    20 ||   109
